 Dungeon Crawl Stone Soup version 0.30.1-4-g462c640d31 (webtiles) character file.

Game seed: 13407848677093509037

193 SolCadguy the Chiller (level 5, -4/33 (35) HPs)
             Began as a Merfolk Ice Elementalist on Aug 24, 2023.
             Slain by a wight
             ... wielding a +4 halberd
              (5 damage)
             ... in an ossuary.
             The game lasted 00:13:57 (2939 turns).

SolCadguy the Chiller (Merfolk Ice Elementalist)    Turns: 2939, Time: 00:13:58

HP:   -4/33 (35)    AC: 10    Str:  9    XL:     5   Next: 72%
MP:   5/9           EV: 12    Int: 16    God:
Gold: 166           SH:  0    Dex: 14    Spells: 3/10 levels left

rFire   . . .        h - +0 rapier
rCold   . . .        (no shield)
rNeg    . . .        a - +0 robe
rPois   .            e - +2 hat
rElec   .            (no cloak)
rCorr   .            (no gloves)
SInv    .            (no boots)
Will    .....        (no amulet)
Stlth   ++           (no ring)
HPRegen 0.25/turn    (no ring)
MPRegen 0.11/turn

%: no passive effects
@: mighty, ice-armoured, hasted, drained, very quick
A: (nimble swimmer 2), mertail
a: no special abilities


You were in an ossuary.
You visited 1 branch of the dungeon, and saw 4 of its levels.
You also visited: Ossuary.

You collected 166 gold pieces.

Inventory:

Hand Weapons
 f - a +0 dagger
 h - a +0 rapier (weapon)
 u - a +0 sling
Missiles
 d - 23 stones (quivered)
Armour
 a - a +0 robe (worn)
 e - a +2 hat (worn)
 i - a +0 ring mail
Magical Staves
 r - a staff of fire
Jewellery
 t - a ring of fire
Wands
 w - a wand of charming (10)
Scrolls
 l - a scroll of amnesia
 n - a scroll of magic mapping {unknown}
 o - 2 scrolls of teleportation
 q - a scroll of immolation {unknown}
 s - a scroll of fog
 y - a scroll of identify
Potions
 b - a potion of magic
 c - a potion of haste
 g - a potion of berserk rage
 j - 2 potions of might
 k - 3 potions of curing {unknown}
 m - 3 potions of mutation {unknown}
 p - 2 potions of brilliance {unknown}
 v - 3 potions of lignification {unknown}
 x - 2 potions of heal wounds {unknown}


   Skills:
 + Level 3.9 Short Blades
 - Level 2.6 Dodging
 - Level 2.1 Stealth
 - Level 3.1 Spellcasting
 + Level 5.5 Ice Magic


You had 3 spell levels left.
You knew the following spells:

 Your Spells              Type           Power      Damage    Failure   Level
a - Freeze                Ice            80%        1d9       1%          1
b - Frozen Ramparts       Ice            40%        1d7       5%          3
c - Ozocubu's Armour      Ice            20%        N/A       5%          3

Your spell library contained the following spells:

 Spells                   Type           Power      Damage    Failure   Level
 Ensorcelled Hibernation  Hex/Ice        22%        N/A       9%          2
 Kiss of Death            Conj/Necr      8%         2d6       19%         1
 Sandblast                Erth           4%         2d4       19%         1
 Slow                     Hex            8%         N/A       19%         1
 Sting                    Tmut/Pois      8%         1d3       19%         1
 Passwall                 Tmut/Erth      1%         N/A       28%         2
 Poisonous Vapours        Pois/Air       4%         N/A       28%         2
 Confusing Touch          Hex            2%         N/A       50%         3
 Stone Arrow              Conj/Erth      4%         3d7       50%         3
 Swiftness                Air            2%         N/A       50%         3
 Vampiric Draining        Necr           2%         2d6       50%         3
 Summon Ice Beast         Ice/Summ       11%        N/A       52%         4
 Dispel Undead            Necr           2%         3d7       88%         4
 Olgreb's Toxic Radiance  Pois           2%         N/A       88%         4


Dungeon Overview and Level Annotations

Branches:
Dungeon (4/15)            Ossuary (1/1)
 Temple: D:4-7

Altars:
Uskayaw

Annotations:
D:2 Sigmund


Innate Abilities, Weirdness & Mutations

((You are very nimble when in or above water. (Stealth+, EV+, Speed+++)))
Your lower body shifts to a powerful aquatic tail in water.


Message History

You completely miss the wight.
The wight is severely damaged.
The wight barely misses you.
You barely miss the wight.
The wight is severely damaged.
The wight hits you with a +0 falchion.
You feel drained.
You closely miss the wight.
The wight is severely damaged.
The wight hits you with a +0 falchion.
You hit the wight but do no damage.
The wight is severely damaged.
The wight hits you with a +0 falchion.
* * * LOW HITPOINT WARNING * * *
You feel very mighty all of a sudden. The wight misses you.
You closely miss the wight.
The wight is severely damaged.
The wight barely misses you.
You puncture the wight!
You destroy the wight!
Your life force feels restored.
Your icy armour cracks and falls away as you move.
Things that are here:
a +0 falchion; a +0 robe
Okay, then.
There is an open door, spattered with blood here.
You open the door.
Okay, then.
It was a potion of haste.
You feel yourself speed up. The wight closely misses you.
There is an open door here.
Casting: Ozocubu's Armour (dangerous; 5% risk of failure)
Confirm with . or Enter, or press ? or * to list all spells.
A film of ice covers your body!
You puncture the wight!
The wight is heavily damaged.
The wight hits you with a +4 halberd!
* * * LOW HITPOINT WARNING * * *
You feel drained.
You die...

#################
#.. ............#
#.+ #..###..##@.#
#.# #..#z#..#z#.# #
#.###..###..###.# #
#...............#
###.###.......###.#
..'.# #.......#z#.#
###.###.......###.#
# #...............#
# #.###..###..###.#


You could see a wight.

Vanquished Creatures
  A wight (Ossuary)
  3 gnolls (D:3)
  4 adders (D:2)
  A worm (D:2)
  2 adder zombies (Ossuary)
  2 dart slugs (D:1)
  An orc (D:4)
  5 ball pythons
  5 endoplasms
  3 giant cockroaches
  5 hobgoblins
  4 jackals (D:3)
  10 kobolds
  A quokka (D:4)
  2 ball python skeletons (Ossuary)
  2 bats (D:1)
  2 frilled lizards
  6 goblins
  4 hobgoblin skeletons (Ossuary)
  2 orc skeletons (Ossuary)
  2 rats
67 creatures vanquished.

Notes
Turn   | Place    | Note
-------+----------+-------------------------------------------
     0 | D:1      | SolCadguy the Merfolk Ice Elementalist began the quest for
                  | the Orb.
     0 | D:1      | Reached XP level 1. HP: 13/13 MP: 3/3
   217 | D:1      | Reached XP level 2. HP: 19/19 MP: 3/5
   249 | D:1      | Found a faded altar of an unknown god.
   362 | D:1      | Reached skill level 5 in Ice Magic
   784 | D:1      | Reached skill level 1 in Short Blades
   798 | D:1      | Reached XP level 3. HP: 18/24 MP: 3/6
   830 | D:1      | Learned a level 3 spell: Frozen Ramparts
  1551 | D:2      | Found a hide-covered altar of Uskayaw.
  1575 | D:2      | Reached XP level 4. HP: 17/30 MP: 0/7
  1581 | D:2      | Learned a level 3 spell: Ozocubu's Armour
  1783 | D:2      | Noticed Sigmund
  1884 | D:3      | Found a hide-covered altar of Uskayaw.
  2370 | D:3      | Reached XP level 5. HP: 10/35 MP: 1/9
  2704 | D:4      | Found a sand-covered staircase.
  2712 | Ossuary  | Entered an ossuary
  2829 | Ossuary  | Noticed a flying skull
  2829 | Ossuary  | Noticed a wraith
  2869 | Ossuary  | Noticed a flying skull
  2873 | Ossuary  | Noticed a wraith
  2892 | Ossuary  | Noticed a flying skull
  2904 | Ossuary  | Noticed a flying skull
  2939 | Ossuary  | HP: 1/35 [wight/+4 halberd (13)]
  2939 | Ossuary  | Slain by a wight

Illustrated notes

Levels and vault maps discovered:
D:1:      ebering_hopf_link, layout_basic,
          hellmonk_ecumenical_altar_leap_of_faith
D:2:      layout_rooms, basic_altar, uniq_terence, uniq_sigmund
D:3:      layout_loops_cross, mainiacjoe_overflow_alcove_4
D:4:      layout_gridville, nicolae_ossuary_entry_ruins
Ossuary:  ossuary_due_cavern

Skill      XL: |  1  2  3  4 |
---------------+-------------+-----
Ice Magic      | 5 |  5.5
Short Blades   | 1 2 3 |  3.9
Spellcasting   | 3 |  3.1
Dodging        | |  2.6
Stealth        | |  2.1

Action                     |  1- 3 |  4- 6 || total
---------------------------+-------+-------++-------
  Melee: Dagger            |    56 |       ||    56
         Rapier            |       |   100 ||   100
   Fire: Sling             |     5 |    23 ||    28
  Throw: Stone             |     5 |       ||     5
   Cast: Freeze            |    24 |     6 ||    30
         Frozen Ramparts   |     4 |     6 ||    10
         Ozocubu's Armour  |       |     3 ||     3
    Use: Scroll            |       |     7 ||     7
         Potion            |       |     3 ||     3
   Stab: Sleeping          |     3 |     7 ||    10
         Distracted        |       |     1 ||     1
 Armour: Robe              |    19 |    32 ||    51
  Dodge: Dodged            |    39 |    67 ||   106
